AoeStats
← Norfy

Fortress

508118762Analyzed
4v4 RM · 11d ago on Sep 21, 2026· 28m 7s· 8 players
Game mode
Random Map
Map size
Huge
Population
200
Speed
Normal
Resources
Standard
Victory
Conquest
Starting age
Dark Age
Ending age
Imperial Age
RankedLock teamsTeams togetherTeam positionsShared explorationLock speedFull tech treeHidden civsTurbo modeCheats
Victory
Defeat
🇧🇷 Celts · Brazil
935
+13
🇧🇷 Persians · Brazil
931
+13
🇬🇧 Lithuanians · United Kingdom
929
+14
🇨🇳 Burgundians · China
904
+15
🇨🇦 Celts · Canada
958
-17
🇲🇽 Franks · Mexico
876
-14
🇺🇸 Burgundians · United States
851
-13
🇨🇦 Maya · Canada
815
-11
Norfy
6:21 Loom
8:07 Feudal Age
9:58 Double-Bit Axe
13:39 Castle Age
14:08 Castle Age
11:58 Double-Bit Axe
12:00 Horse Collar
13:17 Scale Mail Armor
14:23 Forging
15:08 Bow Saw
15:17 Heavy Plow
21:57 Wheelbarrow
Paul George
7:58 Loom
9:43 Feudal Age
14:56 Castle Age
13:08 Double-Bit Axe
13:06 Horse Collar
15:46 Cavalier
16:30 Husbandry
17:24 Burgundian Vineyards
24:40 Scale Barding Armor
28:07 Chain Barding Armor
28:50 Wheelbarrow
Oscar robles176
9:06 Feudal Age
10:50 Double-Bit Axe
13:56 Castle Age
14:18 Wheelbarrow
15:35 Bow Saw
20:00 Gold Mining
21:22 Gold Shaft Mining
22:19 Hand Cart
22:11 Stone Mining
23:12 Scale Barding Armor
23:18 Forging
27:03 Imperial Age
25:08 Husbandry
26:25 Iron Casting
Tuskreatabee
3:16 Loom
9:26 Feudal Age
10:58 Wheelbarrow
12:15 Double-Bit Axe
13:51 Horse Collar
14:28 Man-at-Arms
14:56 Arson
17:36 Padded Archer Armor
21:19 Castle Age
20:24 Fletching
21:30 Scale Mail Armor
neethgiE
8:33 Feudal Age
8:50 Loom
13:39 Castle Age
11:57 Double-Bit Axe
13:36 Horse Collar
15:52 Bow Saw
16:33 Caravan
16:48 Gold Mining
21:27 Forging
21:54 Scale Mail Armor
23:51 Iron Casting
23:29 Heavy Plow
29:27 Imperial Age
27:39 Scale Barding Armor
Pão Andante
7:48 Feudal Age
12:03 Castle Age
18:58 Double-Bit Axe
20:50 Scale Barding Armor
22:15 Chain Barding Armor
22:12 Bloodlines
23:08 Forging
23:00 Husbandry
taylorzanin
8:04 Feudal Age
12:54 Castle Age
11:14 Double-Bit Axe
11:22 Horse Collar
12:04 Scale Mail Armor
14:15 Pikeman
20:27 Chain Mail Armor
22:28 Forging
26:36 Wheelbarrow
25:47 Loom
26:09 Stone Mining
26:11 Town Watch
27:31 Heavy Plow
28:13 Bow Saw
待有时
7:47 Feudal Age
7:11 Double-Bit Axe
7:51 Horse Collar
11:18 Bow Saw
13:25 Castle Age
12:18 Heavy Plow
12:13 Gold Mining
17:13 Two-Man Saw
20:06 Stone Mining
20:15 Gold Mining
20:51 Man-at-Arms
23:20 Wheelbarrow
24:11 Stone Shaft Mining
24:21 Gold Shaft Mining
24:56 Hand Cart
24:58 Scale Barding Armor
25:04 Forging
28:54 Imperial Age
26:13 Town Watch
26:13 Loom
26:52 Cavalier
27:32 Husbandry
Connection lost

Rejoining the realm…

Still unreachable

The connection could not be restored.

Session expired

The server has moved on; the page needs a fresh start.